 Dungeon Crawl Stone Soup version 0.32-a0-314-g526f7d4 (webtiles) character file.

Game seed: 1772693102651387227

3149831 jagoly the Pharaoh (level 27, 231/231 HPs)
             Began as a Mummy Gladiator on Feb 15, 2024.
             Was a High Priest of Okawaru.
             Escaped with the Orb
             ... and 5 runes
             ... and 1 gem (0 intact)!
             The game lasted 06:22:33 (76051 turns).

jagoly the Pharaoh (Mummy Gladiator)               Turns: 76051, Time: 06:22:34

Health: 231/231    AC: 41    Str: 32    XL:     27
Magic:  34/34      EV: 20    Int: 14    God:    Okawaru [*****.]
Gold:   5136       SH: 12    Dex: 25    Spells: 26/26 levels left

rFire   + .          .
                       - Unarmed
rCold   + . .        r - +3 warlock's mirror {omnireflect}
rNeg    + + +        X - +10 storm dragon scales
rPois   ∞            p - +2 helmet of the Shishi {Dex+6}
rElec   +            e - +2 cloak {Stlth+}
rCorr   +            G - +0 pair of gloves of the Ten Stars {Regen+ rCorr}
SInv    +            B - +2 pair of boots {rampage}
Will    ++++.        m - amulet "Hinaremm" {Spirit rN+ Will+ Str+4}
Stlth   +            M - ring of Twilight {rF+ Int+3 Dex+6}
HPRegen 1.38/turn    a - ring of Twilight {rF+ rN+ rCorr SInv}
MPRegen 0.24/turn

%: reflection, guardian spirit, rampage, faith
@: studying Stealth
A: cold resistance 1, negative energy resistance 3, torment resistance 2, heat
vulnerability 1, in touch with death 2, no potions, faith
0: Orb of Zot
}: 5/15 runes: serpentine, barnacled, slimy, silver, abyssal
a: Renounce Religion, Heroism, Finesse, Duel


You escaped.
You worshipped Okawaru.
Okawaru was extremely pleased with you.
You visited 13 branches of the dungeon, and saw 57 of its levels.
You visited the Abyss 6 times.
You visited 1 ziggurat, and saw 8 of its levels.
You also visited: Trove and Gauntlet.

You collected 9462 gold pieces.
You spent 4326 gold pieces at shops.

Inventory:

Hand Weapons
 R - the +11 broad axe "Mihos" {flame, Stlth+}
   (You found it in a Gauntlet)

   Stlth+:    It makes you more stealthy.
Missiles
 c - 3 throwing nets
 d - 51 javelins
 k - 16 darts of dispersal
 s - 31 boomerangs (quivered)
 E - 17 poisoned darts
 F - 10 curare-tipped darts
 I - 53 silver javelins
Armour
 e - a +2 cloak of stealth (worn)
 i - the +1 shadow dragon scales "Porooq" {Regen+ Stlth++++}
   (You found it on level 6 of a ziggurat)

   Regen+:    It increases your rate of health regeneration.
   Stlth++++: It makes you much more stealthy.
 j - +3 fire dragon scales {Xtahua}
 o - a +2 crystal plate armour
 p - the +2 helmet of the Shishi (worn) {Dex+6}
   (You found it on level 3 of the Crypt)

   Dex+6:     It affects your dexterity (+6).
 r - the +3 warlock's mirror (worn) {omnireflect}
   (You found it in a treasure trove)

   Omnireflect: It can block and reflect piercing ranged attacks and magical
   attacks against the wielder's willpower.
 v - a +2 plate armour of fire resistance
 B - a +2 pair of boots of rampaging (worn)
 G - the +0 pair of gloves of the Ten Stars (worn) {Regen+ rCorr}
   (You acquired it on level 2 of the Elven Halls)

   Regen+:    It increases your rate of health regeneration.
   rCorr:     It protects you from acid and corrosion.
 K - the +3 pair of mountain boots {steadfast, rC+}
   (You acquired it on level 3 of the Crypt)

   Steadfast: It prevents involuntary movement, except for blinking,
   teleportation, or banishment.
   rC+:       It protects you from cold.
 U - the +15 Maxwell's patent armour {-Cast -Tele rElec Will+ rCorr}
   (Okawaru gifted it to you on level 3 of the Lair of Beasts)

   rElec:     It insulates you from electricity.
   Will+:     It increases your willpower.
   -Cast:     It prevents spellcasting.
   -Tele:     It prevents most forms of teleportation.
   rCorr:     It protects you from acid and corrosion.
 X - +10 storm dragon scales (worn)
Jewellery
 a - the ring of Twilight (right hand) {rF+ rN+ rCorr SInv}
   (You found it on level 3 of the Crypt)

   [ring of positive energy]

   rF+:       It protects you from fire.
   rN+:       It protects you from negative energy.
   SInv:      It lets you see invisible.
   rCorr:     It protects you from acid and corrosion.
 m - the amulet "Hinaremm" (around neck) {Spirit rN+ Will+ Str+4}
   (You found it in a treasure trove)

   [amulet of guardian spirit]

   Spirit:    It causes incoming damage to be divided between your reserves of
   health and magic.
   Str+4:     It affects your strength (+4).
   rN+:       It protects you from negative energy.
   Will+:     It increases your willpower.
 M - the ring of Twilight (left hand) {rF+ Int+3 Dex+6}
   (You found it on level 4 of the Lair of Beasts)

   [ring of dexterity]

   Int+3:     It affects your intelligence (+3).
   Dex+6:     It affects your dexterity (+6).
   rF+:       It protects you from fire.
 O - a ring of flight
Wands
 x - a wand of digging (5)
 z - a wand of flame (125)
 A - a wand of mindburst (79)
 C - a wand of paralysis (104)
 J - a wand of iceblast (72)
 L - a wand of polymorph (63)
 V - a wand of quicksilver (39)
Scrolls
 b - 13 scrolls of enchant weapon
 f - 4 scrolls of silence
 g - 2 scrolls of revelation
 l - 12 scrolls of noise
 n - 11 scrolls of poison
 q - 12 scrolls of fog
 t - 6 scrolls of amnesia
 u - 22 scrolls of teleportation
 w - 7 scrolls of brand weapon
 y - 8 scrolls of vulnerability
 D - 10 scrolls of fear
 H - 6 scrolls of torment
 P - 4 scrolls of immolation
 S - 7 scrolls of blinking
 T - 2 scrolls of enchant armour
Miscellaneous
 N - a condenser vane
 Q - a phial of floods
 Z - a lightning rod (4/4)


   Skills:
 - Level 22.0 Fighting
 - Level 16.0 Throwing
 + Level 18.8 Armour
 - Level 13.0 Dodging
 - Level 2.0 Stealth
 - Level 13.0 Shields
 O Level 27 Unarmed Combat
 - Level 15.0 Invocations
 - Level 8.0 Evocations


You had 26 spell levels left.
You didn't know any spells.
Your spell library contained the following spells:

 Spells                   Type           Power      Damage    Failure   Level
 Apportation              Tloc           0%         N/A       63%         1
 Foxfire                  Conj/Fire      0%         2x1d4     63%         1
 Kiss of Death            Conj/Necr      0%         2d5       63%         1
 Magic Dart               Conj           0%         1d3       63%         1
 Necrotise                Necr           0%         1d4       63%         1
 Sandblast                Erth           0%         2d4       63%         1
 Slow                     Hex            0%         N/A       63%         1
 Sting                    Conj/Alch      0%         1d3       63%         1
 Blink                    Tloc           0%         N/A       77%         2
 Cigotuvi's Dreadful Rot  Necr/Alch/Air  0%         N/A       77%         2
 Ensorcelled Hibernation  Hex/Ice        0%         N/A       77%         2
 Jinxbite                 Hex            0%         N/A       77%         2
 Lesser Beckoning         Tloc           0%         N/A       77%         2
 Mercury Vapours          Alch/Air       0%         N/A       77%         2
 Momentum Strike          Conj/Tloc      0%         3d8       77%         2
 Searing Ray              Conj           0%         2d4       77%         2
 Confusing Touch          Hex            0%         N/A       94%         3
 Dazzling Flash           Conj/Hex       0%         N/A       94%         3
 Frozen Ramparts          Ice            0%         1d1       94%         3
 Fugue of the Fallen      Necr           0%         N/A       94%         3
 Hailstorm                Conj/Ice       0%         3d5       94%         3
 Inner Flame              Hex/Fire       0%         N/A       94%         3
 Mephitic Cloud           Conj/Alch/Air  0%         N/A       94%         3
 Ozocubu's Armour         Ice            0%         N/A       94%         3
 Passwall                 Erth           0%         N/A       94%         3
 Sigil of Binding         Hex            0%         N/A       94%         3
 Stone Arrow              Conj/Erth      0%         3d7       94%         3
 Vampiric Draining        Necr           0%         2d6       94%         3
 Volatile Blastmotes      Fire/Tloc      0%         2d10      94%         3
 Anguish                  Hex/Necr       0%         N/A       100%        4
 Brom's Barrelling Bould  Conj/Erth      0%         2d3       100%        4
 Cause Fear               Hex            0%         N/A       100%        4
 Dimensional Bullseye     Hex/Tloc       0%         N/A       100%        4
 Dispel Undead            Necr           0%         3d6       100%        4
 Flame Wave               Conj/Fire      0%         2d4       100%        4
 Fulminant Prism          Conj/Alch      0%         3d5       100%        4
 Ignite Poison            Fire/Alch      0%         N/A       100%        4
 Iskenderun's Mystic Bla  Conj/Tloc      0%         2d3       100%        4
 Leda's Liquefaction      Alch/Erth      0%         N/A       100%        4
 Manifold Assault         Tloc           0%         N/A       100%        4
 Olgreb's Toxic Radiance  Alch           0%         N/A       100%        4
 Passage of Golubria      Tloc           0%         N/A       100%        4
 Petrify                  Alch/Erth      0%         N/A       100%        4
 Sticky Flame             Fire/Alch      0%         2d4       100%        4
 Vhi's Electric Charge    Tloc/Air       0%         N/A       100%        4
 Alistair's Intoxication  Alch           0%         N/A       100%        5
 Arcjolt                  Conj/Air       0%         1d10      100%        5
 Borgnjor's Vile Clutch   Necr/Erth      0%         N/A       100%        5
 Curse of Agony           Necr           0%         N/A       100%        5
 Fireball                 Conj/Fire      0%         3d3       100%        5
 Freezing Cloud           Conj/Ice/Air   0%         6-21      100%        5
 Irradiate                Conj/Alch      0%         3d11      100%        5
 Iskenderun's Battlesphe  Conj           0%         2d6       100%        5
 Metabolic Englaciation   Hex/Ice        0%         N/A       100%        5
 Silence                  Hex/Air        0%         N/A       100%        5
 Yara's Violent Unravell  Hex/Alch       0%         3d3       100%        5
 Bombard                  Conj/Erth      0%         9d1       100%        6
 Dispersal                Tloc           0%         N/A       100%        6
 Eringya's Noxious Bog    Alch           0%         4d6       100%        6
 Plasma Beam              Fire/Air       0%         2x1d10    100%        6
 Starburst                Conj/Fire      0%         6d3       100%        6
 Enfeeble                 Hex            0%         N/A       100%        7
 Orb of Destruction       Conj           0%         9d5       100%        7
 Disjunction              Tloc           0%         N/A       100%        8
 Ignition                 Fire           0%         3d3       100%        8
 Lehudib's Crystal Spear  Conj/Erth      0%         10d2      100%        8
 Maxwell's Capacitive Co  Air            0%         ∞         100%        8
 Chain Lightning          Conj/Air       0%         N/A       100%        9
 Fire Storm               Conj/Fire      0%         5d1       100%        9
 Shatter                  Erth           0%         3d5*      100%        9
 Summon Small Mammal      Summ           Unusable   N/A       N/A         1
 Sublimation of Blood     Necr           Unusable   N/A       N/A         2
 Summon Ice Beast         Ice/Summ       Unusable   N/A       N/A         3
 Tukima's Dance           Hex            Unusable   N/A       N/A         3
 Animate Armour           Summ/Erth      Unusable   N/A       N/A         4
 Martyr's Knell           Necr/Summ      Unusable   N/A       N/A         4
 Summon Blazeheart Golem  Fire/Summ      Unusable   N/A       N/A         4
 Summon Forest            Summ/Tloc      Unusable   N/A       N/A         5
 Death Channel            Necr           Unusable   N/A       N/A         6
 Sculpt Simulacrum        Ice/Alch       Unusable   N/A       N/A         6
 Spellforged Servitor     Conj/Summ      Unusable   N/A       N/A         7
 Summon Hydra             Summ           Unusable   N/A       N/A         7
 Borgnjor's Revivificati  Necr           Unusable   N/A       N/A         8
 Dragon's Call            Summ           Unusable   N/A       N/A         9

Dungeon Overview and Level Annotations

Branches:
Dungeon (15/15)            Temple (1/1) D:6            Lair (5/5) D:11
 Shoals (4/4) Lair:3        Snake (4/4) Lair:2        Slime (5/5) Lair:5
    Orc (2/2) D:11            Elf (3/3) Orc:2        Vaults (5/5) D:13
  Crypt (3/3) Vaults:3       Tomb (0/3) Crypt:3      Depths (4/4) D:15
   Hell (visited)             Dis (0/7) Hell            Geh (0/7) Hell
    Coc (0/7) Hell            Tar (0/7) Hell            Zot (5/5) Depths:4
Gauntlet (visited)

Altars:
Ashenzari
Cheibriados
Dithmenos
Fedhas
Gozag
Hepliaklqana
Kikubaaqudgha
Makhleb
Nemelex Xobeh
Okawaru
Qazlal
Ru
Sif Muna
Trog
Uskayaw
Vehumet
Wu Jian
Xom
Yredelemnul
Jiyva

Shops:
D:5 =   D:13 !?:![   D:15 ?   Orc:1 (   Orc:2 (([*   Snake:1 (*   Snake:4 :==
Vaults:1 *   Vaults:5 (   Depths:2 *   Depths:3 *   Depths:4 (

Portals:
Hell: Depths:1 Depths:2 Depths:3 Depths:4
Abyss: Vaults:3 Depths:3 Depths:4
Pandemonium: Depths:2 Depths:3 Depths:4

Annotations:
Elf:2 3 runed translucent doors
Crypt:2 Vv


Innate Abilities, Weirdness & Mutations

You are immune to poison.
Your flesh is cold resistant. (rC+)
You are immune to negative energy. (rN+++)
You are immune to unholy pain and torment.
You are vulnerable to heat. (rF-)
You are strongly in touch with the powers of death.
You do not drink.
You have a special connection with the divine. (Faith)


Message History

You closely miss the Orb Guardian. The Orb Guardian misses you.
The Orb Guardian hits you but does no damage.
Unknown command.
You completely miss the Orb Guardian.
The Orb Guardian hits you but does no damage.
You pummel the Orb Guardian like a punching bag!!!
The Orb Guardian is severely wounded.
You block the Orb Guardian's attack. You block the green draconian's attack.
The green draconian completely misses you.
The electric golem blinks!
Unknown command.
You pummel the Orb Guardian!!
You kill the Orb Guardian!
Okawaru accepts your kill. The Orb Guardian barely misses you.
An orange demon comes into view.
The electric golem closely misses you. You block the electric golem's attack.
The electric golem hits you but does no damage.
The electric golem barely misses you.
The Orb Guardian hits you but does no damage.
The electric golem hits you but does no damage. x2
The electric golem misses you. You block the electric golem's attack.
The Orb Guardian misses you.
The Orb Guardian hits you but does no damage.
Unknown command.
The electric golem hurls lightning at you.
The bolt of lightning hits you! You resist.
The Orb Guardian hits you but does no damage.
The electric golem hurls lightning at you.
Your +3 warlock's mirror {omnireflect} blocks the bolt of lightning... and reflects it back!
The bolt of lightning hits the electric golem.
The electric golem completely resists.
The bolt of lightning hits the electric golem.
The electric golem completely resists.
The electric golem blinks!
The electric golem disappears!
Unknown command.
You enter a permanent teleport trap!
Your surroundings suddenly seem different.
Your surroundings suddenly seem different.
Found a long sword.
Blink to where?
Press: ? - help, Dir - move target
As you read the scroll of blinking, it crumbles to dust.
Blink to where?
Press: ? - help, Dir - move target
As you read the scroll of blinking, it crumbles to dust.
What level of the Dungeon? (default 15, ? - help) HP restored.
Magic restored.
Your hands slow down.
There is a fountain of sparkling water here.
The sentinel's mark upon you fades away.
You feel like a meek peon again.
There is a stone staircase leading up here.
You climb upwards.
There is a stone staircase leading down here.
There is a stone staircase leading up here.
You climb upwards.
There is a stone staircase leading down here.
There is a stone staircase leading up here.
You climb upwards.
There is a stone staircase leading down here.
A Brimstone Fiend comes into view.
You pummel the Brimstone Fiend!!
The Brimstone Fiend is moderately wounded.
You hit the Brimstone Fiend but do no damage.
The Brimstone Fiend is moderately wounded.
The Brimstone Fiend misses you. You block the Brimstone Fiend's attack.
The Brimstone Fiend hits you.
You hit the Brimstone Fiend.
The Brimstone Fiend is moderately wounded.
You squash the Brimstone Fiend like an ant!!!
The Brimstone Fiend is severely wounded.
You block the Brimstone Fiend's attack.
The Brimstone Fiend hits you but does no damage.
The Brimstone Fiend misses you.
You hit the Brimstone Fiend.
The Brimstone Fiend is severely wounded.
You squash the Brimstone Fiend like an ant!!!
You kill the Brimstone Fiend!
Okawaru accepts your kill.
What level of the Dungeon? (default 1, ? - help)
A soul eater comes into view.
You rampage towards the soul eater!
You pummel the soul eater!!
The soul eater is severely wounded.
You pulverise the soul eater!!!
You kill the soul eater!
Okawaru accepts your kill.
No target in view!
No target in view!
What level of the Dungeon? (default 1, ? - help)
A tentacled monstrosity comes into view.
No target in view!
No target in view!
There is an open door, spattered with blood here.
Things that are here:
a +0 cloak; a +0 long sword You squash the tentacled monstrosity like an ant!!!
The tentacled monstrosity is moderately wounded.
A green death comes into view.
You pummel the tentacled monstrosity!!
The tentacled monstrosity is heavily wounded.
You block the tentacled monstrosity's attack.
The tentacled monstrosity tentacle-slaps you but does no damage. x2
You block the tentacled monstrosity's attack.
You completely miss the tentacled monstrosity.
The tentacled monstrosity is heavily wounded.
You pulverise the tentacled monstrosity!!!
The tentacled monstrosity is almost dead.
The green death closely misses you.
You block the tentacled monstrosity's attack.
The tentacled monstrosity tentacle-slaps you but does no damage.
The tentacled monstrosity barely misses you.
The tentacled monstrosity completely misses you.
You pummel the tentacled monstrosity!!
You kill the tentacled monstrosity!
Okawaru accepts your kill.
You pound the green death into fine dust!!!
The green death is severely wounded.
The green death misses you.
You pummel the green death!!
You kill the green death!
Okawaru accepts your kill.
No target in view!
No target in view!
What level of the Dungeon? (default 1, ? - help)
Things that are here:
a +0 cloak; a +0 dagger You see here a +0 glaive.
A green death comes into view.
There is an open door, spattered with blood here.
Things that are here:
a +0 halberd; a green draconian skeleton You rampage towards the green death!
The green death gestures at you.
The bolt of poison hits you but does no damage.
You resist.
You hit the green death.
The green death is lightly wounded.
You pummel the green death!!
The green death is moderately wounded.
The green death hits you!
You pummel the green death like a punching bag!!!
You kill the green death!
Okawaru accepts your kill.
No target in view!
No target in view!
What level of the Dungeon? (default 1, ? - help)
A lorocyproca comes into view.
There is an open door here.
You rampage towards the lorocyproca!
You hit the lorocyproca.
The lorocyproca is lightly wounded.
You squash the lorocyproca like an ant!!!
The lorocyproca is almost dead.
The lorocyproca barely misses you.
You hit the lorocyproca but do no damage.
The lorocyproca is almost dead.
You squash the lorocyproca like an ant!!!
You kill the lorocyproca!
Okawaru accepts your kill. Okawaru grants you throwing weapons!
Something appears at your feet!
d - 51 javelins (gained 1)
There is a stone staircase leading up here.
You climb upwards.
There is a stone staircase leading down here.
What level of the Dungeon? (default 1, ? - help)
There is an open door here.
There is an open door here.
There is an open door here.
An Ice Fiend comes into view.
There is a gate leading back out of this place here.
You go up through the gate.
Welcome back to the Depths!
There is a gate to the Realm of Zot here.
What level of the Dungeon? (default 1, ? - help)
You see here a golden dragon skeleton.
Things that are here:
a +0 cloak; a +0 rapier
Items here: ))))))) ÷÷.
You see here a glowing shapeshifter skeleton.
There is a stone staircase leading up here.
You climb upwards.
There is a stone staircase leading down here.
A tormentor comes into view.
You squash the tormentor like an ant!!!
You kill the tormentor!
Okawaru accepts your kill.
No target in view!
No target in view!
What level of the Dungeon? (default 1, ? - help)
A hellwing comes into view.
There is a stone staircase leading up, spattered with blood here.
You climb upwards.
There is a stone staircase leading down, spattered with blood here.
What level of the Dungeon? (default 1, ? - help)
Items here: ( ) [[ ÷÷.
There is an open door here.
There is an open door here.
Things that are here:
+0 fire dragon scales; a fire dragon skeleton
There is a stone staircase leading up here.
You climb upwards.
There is a stone staircase leading down here.
There is an open door here.
A hell beast comes into view.
You miss the hell beast. You block the hell beast's attack.
The hell beast barely misses you.
A hellion comes into view.
You pound the hell beast into fine dust!!!
The hell beast is severely wounded.
You block the hell beast's attack. The hell beast closely misses you.
You pound the hell beast into fine dust!!!
You kill the hell beast!
Okawaru accepts your kill.
There is a staircase back to the Dungeon here.
The hellion gestures at you.
The sphere of damnation explodes!
The damnation engulfs you!!
The damnation engulfs the hellion.
The hellion completely resists.
You climb upwards.
Welcome back to the Dungeon!
There is a staircase to the Depths here.
What level of the Dungeon? (default 1, ? - help) Magic restored.
HP restored.
There is an open door here.
There is a stone staircase leading up here.
You climb upwards.
There is a stone staircase leading down here.
A profane servitor comes into view. It is wielding a +1 whip.
You rampage towards the profane servitor!
You barely miss the profane servitor.
You completely miss the profane servitor.
You block the profane servitor's attack.
The profane servitor hits you with a +1 whip.
You miss the profane servitor.
The profane servitor hits you but does no damage. x2
You closely miss the profane servitor.
The profane servitor hits you but does no damage.
The profane servitor completely misses you.
You closely miss the profane servitor.
The profane servitor closely misses you.
The profane servitor hits you but does no damage.
You pound the profane servitor into fine dust!!!
The profane servitor is moderately damaged.
You closely miss the profane servitor.
The profane servitor is moderately damaged.
The profane servitor hits you but does no damage.
The profane servitor closely misses you.
You pummel the profane servitor!!
The profane servitor is moderately damaged.
You block the profane servitor's attack.
The profane servitor hits you but does no damage.
You punch the profane servitor!
The profane servitor is heavily damaged.
The profane servitor hits you but does no damage.
The profane servitor hits you with a +1 whip.
You miss the profane servitor.
The profane servitor is heavily damaged.
You pummel the profane servitor!!
The profane servitor is heavily damaged.
The profane servitor hits you but does no damage. x2
You pummel the profane servitor!!
The profane servitor is severely damaged.
You block the profane servitor's attack.
The profane servitor hits you but does no damage.
You hit the profane servitor.
The profane servitor is severely damaged.
You pulverise the profane servitor!!!
You destroy the profane servitor!
Okawaru accepts your kill.
No target in view!
No target in view!
What level of the Dungeon? (default 1, ? - help) Magic restored.
There is a stone staircase leading up here.
You climb upwards.
There is a stone staircase leading down here.
There is an open door here.
There is an open door here.
There is an open door here.
There is a stone staircase leading up here.
You climb upwards.
There is a stone staircase leading down here.
A sun demon comes into view.
You closely miss the sun demon. You pummel the sun demon!!
The sun demon is heavily wounded.
You block the sun demon's attack.
You hit the sun demon.
The sun demon is heavily wounded.
You pummel the sun demon!!
You kill the sun demon!
Okawaru accepts your kill.
No target in view!
No target in view!
What level of the Dungeon? (default 1, ? - help)
A lorocyproca comes into view.
You rampage towards the lorocyproca!
You rampage towards the lorocyproca!
You block the lorocyproca's attack.
You pummel the lorocyproca!!
The lorocyproca is moderately wounded.
You punch the lorocyproca!
The lorocyproca is heavily wounded.
The lorocyproca closely misses you.
You closely miss the lorocyproca.
The lorocyproca is heavily wounded.
You pummel the lorocyproca!!
The lorocyproca is severely wounded.
You block the lorocyproca's attack.
You pummel the lorocyproca!!
You kill the lorocyproca!
Okawaru accepts your kill.
No target in view!
No target in view!
What level of the Dungeon? (default 1, ? - help)
There is a stone staircase leading up here.
You climb upwards.
There is a stone staircase leading down here.
There is a stone staircase leading up here.
You climb upwards.
There is a stone staircase leading down here.
There is a stone staircase leading up here.
You climb upwards.
There is a stone staircase leading down here.
There is an open door, spattered with blood here.
There is a stone staircase leading up here.
You climb upwards.
There is a stone staircase leading down here.
A red devil comes into view.
It is wielding a +0 trident of protection.
There is a stone staircase leading up here.
You climb upwards.
There is a stone staircase leading down here.
What level of the Dungeon? (default 1, ? - help)
Items here: )) [ ÷÷.
Items here: )) [ ÷.
There is a stone staircase leading up, spattered with blood here.
You climb upwards.
There is a stone staircase leading down here.
There is a stone staircase leading up here.
You climb upwards.
There is a stone staircase leading down here.
You see here a +0 pair of gloves.
An Orb Guardian comes into view.
You pummel the Orb Guardian!!
The Orb Guardian is moderately wounded.
You hit the Orb Guardian but do no damage.
The Orb Guardian is moderately wounded.
You closely miss the Orb Guardian.
The Orb Guardian is moderately wounded.
You block the Orb Guardian's attack.
You squash the Orb Guardian like an ant!!!
The Orb Guardian is almost dead.
You block the Orb Guardian's attack.
You barely miss the Orb Guardian.
The Orb Guardian is almost dead.
You pummel the Orb Guardian like a punching bag!!!
You kill the Orb Guardian!
Okawaru accepts your kill.
No target in view!
What level of the Dungeon? (default 1, ? - help)
There is a stone staircase leading up here.
You climb upwards.
There is a stone staircase leading down here.
There is an open door here.
There is a stone staircase leading up here.
You climb upwards.
There is a stone staircase leading down here.
There is a stone staircase leading up here.
You climb upwards.
There is a stone staircase leading down here.
You see here a +0 club.
A sun demon comes into view.
You punch the sun demon!
The sun demon is lightly wounded.
You closely miss the sun demon.
The sun demon is lightly wounded.
A balrug comes into view.
It is wielding a +1 demon whip of electrocution.
You block the sun demon's attack.
You pulverise the sun demon!!!
The sun demon is severely wounded.
You pummel the sun demon!!
You kill the sun demon!
Okawaru accepts your kill.
A sun demon comes into view.
The balrug gestures at you. The bolt of fire misses you.
The balrug gestures at you. The bolt of fire misses you.
You completely miss the balrug. The balrug completely misses you.
You pummel the balrug like a punching bag!!!
The balrug is heavily wounded.
The balrug hits you but does no damage. You block the sun demon's attack.
You hit the balrug.
The balrug is severely wounded.
You pummel the balrug!!
You kill the balrug!
Okawaru accepts your kill.
You hear a bark!
A hell hound comes into view.
The sun demon hits you but does no damage.
You closely miss the sun demon. The hell hound breathes flames at you.
The blast of flame hits you but does no damage.
You pummel the sun demon like a punching bag!!!
The sun demon is almost dead.
The sun demon misses you.
You pulverise the sun demon!!!
You kill the sun demon!
Okawaru accepts your kill.
A hell hound comes into view.
You rampage towards the hell hound!
You miss the hell hound. The hell hound completely misses you.
You completely miss the hell hound. The hell hound closely misses you.
You pummel the hell hound like a punching bag!!!
You kill the hell hound!
Okawaru accepts your kill.
You hear a bark!
A hell hound comes into view.
You rampage towards the hell hound!
You barely miss the hell hound.
The hell hound barks!
You block the hell hound's attack.
You miss the hell hound.
The hell hound bites you but does no damage.
You block the hell hound's attack.
You pummel the hell hound like a punching bag!!!
You kill the hell hound!
Okawaru accepts your kill. You block the hell hound's attack.
You pummel the hell hound!!
The hell hound is almost dead.
The hell hound bites you but does no damage.
You squash the hell hound like an ant!!!
You kill the hell hound!
Okawaru accepts your kill.
No target in view!
No target in view!
What level of the Dungeon? (default 1, ? - help)
A hell hound comes into view.
You rampage towards the hell hound!
You squash the hell hound like an ant!!!
You kill the hell hound!
Okawaru accepts your kill.
No target in view!
No target in view!
No target in view!
No target in view!
What level of the Dungeon? (default 1, ? - help)
A hellwing comes into view.
You rampage towards the hellwing!
A hellwing comes into view.
The hellwing gives a chilling moan.
The hellwing hits you but does no damage.
The hellwing completely misses you.
A smoke demon comes into view.
The hellwing moves out of view.
You hit the hellwing.
The hellwing is lightly wounded.
The hellwing completely misses you. The hellwing closely misses you.
You hit the hellwing but do no damage.
The hellwing is lightly wounded.
You barely miss the hellwing.
The hellwing is lightly wounded.
You block the hellwing's attack. x2
The hellwing swoops through the air toward you!
The hellwing hits you but does no damage.
The hellwing completely misses you.
You pummel the hellwing!!
The hellwing is heavily wounded.
You hit the hellwing.
The hellwing is heavily wounded.
You block the hellwing's attack. The hellwing closely misses you.
You block the hellwing's attack. The hellwing barely misses you.
You punch the hellwing!
The hellwing is severely wounded.
You pulverise the hellwing!!!
You kill the hellwing!
Okawaru accepts your kill. You block the hellwing's attack.
The hellwing hits you but does no damage.
You hit the hellwing but do no damage. You pummel the hellwing!!
The hellwing is severely wounded.
You block the hellwing's attack. x2
You squash the hellwing like an ant!!!
You kill the hellwing!
Okawaru accepts your kill.
You pummel the smoke demon!!
The smoke demon is almost dead.
You block the smoke demon's attack.
The smoke demon completely misses you. x2
You punch the smoke demon!
You kill the smoke demon!
Okawaru accepts your kill.
No target in view!
What level of the Dungeon? (default 1, ? - help)
You see here a +0 flail.
There is a stone staircase leading up here.
You climb upwards.
There is a stone staircase leading down here.
Things that are here:
a +0 robe; a +0 flail; a gnoll skeleton
There is a staircase leading out of the dungeon here.
You have escaped!

.#...###.# ######## ......##.#
#....... .#...###.########
#.###### .##)............# #.#
.##.####.######.# #.# .##.####.#
#.# #####.### ## .........#
####.# #...÷...###. ##...#####
#>##### #.###.#..... #.....##
#.[..@# #.##.#..##.. .......##
#.##### #.#.###.##..
........####'#..######.#..#..##..
........'......................).
........####...#######.......###.
.......## ##..# ####.#.## ##
#.....## ##.# #.### ##...## #.#
#.# ##'## #.# #.#


There were no monsters in sight!

Vanquished Creatures
  the Royal Jelly (Slime:5)
  8 dread liches
  Khufu (Arena)
  7 ancient liches
  5 orbs of fire
  2 royal mummies (Crypt:3)
  Xtahua (Depths:3)
  A pandemonium lord (Arena)
  4 Killer Klowns
  A curse toe (Zot:4)
  A caustic shrike (Depths:4)
  Vashnia (Snake:3)
  Geryon (Arena)
  2 profane servitors
  12 golden dragons
  4 bone dragons
  Jory (Crypt:3)
  2 doom hounds (Depths:3)
  A Brimstone Fiend (Zot:2)
  An iron giant (Depths:4)
  3 electric golems
  15 tentacled monstrosities
  Jorgrun (Elf:1)
  A walking crystal tome (Depths:4)
  Rupert (D:13)
  3 hellephants
  2 Ice Fiends
  2 Hell Sentinels
  10 liches
  13 Orb Guardians
  10 titans
  2 deep elf blademasters (Elf:3)
  The ghost of Diax the Warrior, an adept DrFE of Vehumet (Vaults:3)
  18 acid blobs
  Grunn (Depths:3)
  6 quicksilver dragons
  10 tentacled starspawn
  6 sphinxes
  11 death cobs
  2 krakens (Shoals:2)
  2 Executioners
  2 deep elf master archers (Elf:3)
  Polyphemus (Arena)
  8 shadow dragons
  2 tengu reavers
  10 ancient champions
  10 storm dragons
  5 nagarajas (Snake:4)
  9 azure jellies
  5 revenants
  3 protean progenitors
  Ilsuiw (Arena)
  A demonspawn warmonger (Zig:7)
  9 rockslimes
  12 draconian knights
  A daeva (Abyss:3)
  10 frost giants
  A nargun (Zig:3)
  3 draconian monks
  5 deep elf sorcerers
  2 ghost moths
  18 vault wardens
  Louise (Shoals:2)
  A curse skull (Crypt:2)
  6 fire giants
  5 balrugs
  7 draconian scorchers
  A juggernaut zombie (Hell)
  A ghoul (Zig:8)
  3 cacodemons
  3 iron dragons
  A demonspawn corrupter (Zig:7)
  2 draconian shifters
  5 deep elf elementalists (Elf:3)
  4 reapers (Depths:4)
  4 draconian stormcallers
  21 ironbound preservers
  5 spriggan defenders
  12 draconian annihilators
  2 orc warlords
  12 quicksilver oozes
  5 ironbound thunderhulks
  4 angels
  11 stone giants
  26 very ugly things
  4 caustic shrike skeletons (Crypt:3)
  18 green draconians
  10 vampire knights
  2 formless jellyfish
  2 putrid mouths (Depths:4)
  Nessos (D:13)
  7 deep elf demonologists
  7 deep elf annihilators
  4 lorocyprocas
  16 dire elephants
  10 deep elf death magi
  2 war gargoyles (Vaults:5)
  16 black draconians
  19 white draconians
  3 spark wasps
  10 purple draconians
  A wendigo (Depths:2)
  A minotaur (Gauntlet)
  7 red draconians
  6 eidola
  9 yellow draconians
  3 iron golems
  8 ettins
  5 blizzard demons
  A crystal guardian (Vaults:3)
  5 fire dragons
  2 green deaths (Zot:2)
  A mummy priest (Crypt:1)
  9 merfolk javelineers
  18 yaktaur captains
  13 merfolk impalers
  Josephine (Orc:1)
  A shambling mangrove (Zig:8)
  5 deep elf high priests
  An entropy weaver (shapeshifter) (Vaults:3)
  10 jiangshi
  3 salamander tyrants
  2 spriggan zombies
  8 rakshasas
  Fannar (Lair:2)
  9 great orbs of eyes
  The ghost of bobfrom10 the Eclecticist, a journeyman DECj of Vehumet (Lair:4)
  2 entropy weavers
  3 merfolk avatars
  2 catoblepae
  2 hell beasts (Depths:1)
  34 vault guards
  A spectral tengu (Depths:1)
  6 ice dragons
  7 ogre magi
  6 spriggan air magi
  A peacekeeper (Vaults:2)
  A caustic shrike simulacrum (Depths:2)
  7 hydras
  8 centaur warriors
  9 ironbound frosthearts
  8 boulder beetles
  7 spriggan skeletons
  2 alligator snapping turtles
  8 anacondas
  2 alligators (Zig:8)
  9 dancing weapons
  8 merfolk aquamancers
  2 satyrs
  24 two-headed ogres
  2 death knights
  9 hell hogs
  2 demonic crawlers
  7 deep troll shamans
  8 tengu warriors
  11 vampire magi
  An orc high priest (Zig:1)
  5 spriggan berserkers
  17 naga sharpshooters
  A sphinx skeleton (Depths:1)
  9 deep troll earth magi
  26 thrashing horrors
  10 sun demons
  8 death yaks
  19 naga warriors
  The ghost of bobfrom10 the Thaumaturge, a journeyman DECj of Vehumet (D:11)
  14 wretched stars
  15 hell knights
  A shock serpent (shapeshifter) (Vaults:5)
  7 shock serpents
  An occultist (D:14)
  5 skysharks
  46 skeletal warriors
  7 deep elf knights
  2 fire crabs
  4 sixfirhies
  4 titan skeletons (Crypt:3)
  3 cherubim (Shoals:4)
  13 soul eaters
  A golden dragon zombie (Depths:1)
  A death drake (Abyss:3)
  2 deep trolls (shapeshifter) (Vaults:5)
  15 iron trolls
  A sea snake (shapeshifter) (D:13)
  76 deep trolls
  A goliath frog (Zot:1)
  13 salamander mystics
  8 shadow wraiths
  4 arcanists
  6 sea snakes
  3 spatial maelstroms
  6 glowing orange brains
  12 flayed ghosts
  A swamp dragon (Zig:8)
  A spriggan druid (Zig:8)
  10 deep elf archers
  An obsidian statue (Gauntlet)
  4 anaconda zombies (Hell)
  A golden dragon skeleton (Crypt:3)
  2 shadow dragon zombies
  3 orc knights
  5 naga ritualists
  20 ironbound convokers
  2 lindwurms
  2 shadow demons
  30 large abominations
  2 tengu zombies
  5 mana vipers
  32 deep elf pyromancers
  9 phantasmal warriors
  A broodmother zombie (Crypt:1)
  24 harpies
  49 starcursed masses (Abyss:3)
  An anaconda skeleton (Crypt:3)
  19 deep elf zephyrmancers
  3 shining eyes
  2 iron dragon zombies
  A lightning spire (Zot:3)
  An alligator zombie (Hell)
  18 manticores
  2 orc sorcerers
  19 necromancers
  32 ugly things
  3 draconians (Abyss:4)
  An oklob plant (Lair:2)
  11 cyclopes
  A faun (shapeshifter) (Depths:4)
  Maurice (D:7)
  A shadow dragon skeleton (Crypt:2)
  17 fauns
  An alligator skeleton (Crypt:3)
  29 salamanders
  A guardian serpent (shapeshifter) (D:13)
  8 merfolk sirens
  2 elephants
  2 kobold blastminers
  A shining eye (shapeshifter) (Vaults:3)
  5 guardian serpents
  2 apocalypse crabs (Abyss:3)
  2 fire giant skeletons
  2 naga zombies (Hell)
  3 stone giant skeletons
  31 naga magi
  25 moths of wrath
  42 black mambas
  2 ice statues
  20 smoke demons
  2 dire elephant zombies
  An iron dragon skeleton (Crypt:2)
  A water nymph (shapeshifter) (Depths:1)
  6 water nymphs
  A frost giant skeleton (Crypt:1)
  23 vault sentinels
  A gargoyle (D:8)
  A black mamba (shapeshifter) (Abyss:3)
  5 rust devils
  3 molten gargoyles (Depths:4)
  4 orange demons
  11 cane toads
  A hellion (Abyss:3)
  A dire elephant skeleton (Crypt:2)
  A pale draconian zombie (Crypt:2)
  6 unseen horrors
  2 efreet (Abyss:3)
  A yaktaur zombie (Vaults:4)
  An alligator snapping turtle skeleton (Crypt:3)
  9 komodo dragons
  A rime drake (shapeshifter) (Abyss:4)
  2 tormentors
  3 tengu conjurers
  20 yaktaurs
  2 rime drakes
  2 unseen horror skeletons (D:9)
  A minotaur skeleton (Crypt:2)
  A yaktaur skeleton (Vaults:3)
  7 freezing wraiths
  A harpy zombie (Crypt:1)
  A red draconian skeleton (Crypt:2)
  2 unseen horror zombies (D:9)
  A steelbarb worm zombie (Crypt:3)
  A white draconian skeleton (Crypt:1)
  10 guardian mummies
  13 trolls
  A red devil (Hell)
  2 sea snake skeletons
  A troll (shapeshifter) (D:13)
  31 merfolk
  14 ancient zymes
  4 tyrant leeches
  3 hydra zombies (Hell)
  6 hellwings
  A moth of wrath zombie (Crypt:1)
  Grinder (D:3)
  An alligator simulacrum (Hell)
  7 polar bears
  A hornet (shapeshifter) (Vaults:5)
  5 wind drakes (Shoals:3)
  12 hornets
  A harpy skeleton (Abyss:3)
  28 raiju
  Prince Ribbit (D:5)
  17 dream sheep
  A raiju (shapeshifter) (D:14)
  A stone giant simulacrum (Vaults:2)
  A guardian serpent zombie (Crypt:2)
  5 glass eyes
  48 slime creatures
  A jumping spider (Vaults:3)
  A meliai zombie (Crypt:2)
  22 blink frogs
  6 snapping turtles
  2 centaur simulacra (D:10)
  A spriggan (shapeshifter) (Depths:4)
  18 spriggans
  13 wraiths
  2 shadows
  15 water elementals
  2 air elementals
  65 yaks
  A fire elemental (Abyss:4)
  10 wyverns
  9 ynoxinuls
  A black mamba skeleton (Crypt:3)
  2 vampires
  2 ettin skeletons
  An elf zombie (Vaults:4)
  An alligator snapping turtle simulacrum (Crypt:2)
  4 fire bats
  5 golden eyes
  2 wargs
  A human (shapeshifter) (Elf:2)
  4 neqoxecs
  A dire elephant simulacrum (Crypt:3)
  10 humans (D:14)
  A steam dragon (D:9)
  2 redbacks (Abyss:3)
  11 basilisks
  A sea snake simulacrum (Hell)
  13 chaos spawn
  A human simulacrum (Vaults:4)
  A swamp worm (shapeshifter) (Vaults:5)
  2 swamp worms (D:7)
  A water moccasin (shapeshifter) (Depths:3)
  Edmund (D:5)
  4 spatial vortices
  A demonspawn zombie (Crypt:3)
  4 hell hounds (D:2)
  An acid dragon (D:9)
  5 water moccasins
  A fire bat skeleton (Crypt:3)
  58 nagas
  A demonspawn skeleton (Crypt:1)
  3 sky beasts
  A deep troll skeleton (Crypt:3)
  A water nymph skeleton (Crypt:3)
  4 black bears
  A two-headed ogre skeleton (Crypt:2)
  2 naga skeletons
  A glowing shapeshifter skeleton (Vaults:3)
  2 ogre skeletons
  15 orc warriors
  6 ice beasts
  22 laughing skulls
  17 small abominations
  39 ogres
  36 wolves
  6 boggarts
  4 human skeletons
  A centaur (D:12)
  2 lindwurm skeletons
  A swamp dragon skeleton (Crypt:3)
  9 weeping skulls
  2 phantoms (D:6)
  14 bullfrogs
  3 brain worms (Abyss:3)
  A scorpion (D:5)
  2 glowing shapeshifter simulacra (Depths:2)
  2 earth elementals
  A naga simulacrum (Abyss:3)
  37 wights
  10 killer bees
  2 raiju skeletons
  An electric eel (D:10)
  2 bombardier beetles
  3 howler monkeys
  5 jellies
  3 crimson imps (Abyss:3)
  A centaur zombie (D:9)
  2 quasits (Abyss:3)
  A black bear zombie (Crypt:1)
  6 hounds
  3 human zombies
  5 centaur skeletons
  17 orc priests
  2 iguanas
  An iron imp (Abyss:3)
  2 sleepcaps
  Jessica (D:1)
  24 orc wizards
  7 hell rats (Lair:4)
  A boggart skeleton (Crypt:1)
  A brain worm zombie (Crypt:3)
  A sky beast zombie (Crypt:2)
  10 mummies
  2 howler monkey zombies (D:9)
  6 adders
  6 gnolls
  A shadow imp (D:6)
  11 white imps
  5 ufetubi
  2 dart slugs
  3 ribbon worms
  69 orcs
  4 bats
  3 endoplasms
  3 giant cockroaches
  7 goblins
  7 hobgoblins
  2 jackals (D:2)
  3 quokkas
  7 ball pythons
  3 frilled lizards
  7 kobolds
  9 rats
  An aspiring flesh (Zot:1)
  A lurking horror (Vaults:3)
  10 starspawn tentacles
  3 tentacles (Shoals:2)
2954 creatures vanquished.

Vanquished Creatures (others)
  An ettin (Depths:4)
  A deep elf knight (Elf:1)
  A deep troll (Vaults:2)
  A rust devil (Depths:4)
  A spark wasp simulacrum (Depths:2)
  A fire giant simulacrum (Depths:2)
  A spatial vortex (Abyss:3)
  A laughing skull (Abyss:3)
  An orc (D:11)
  2 lurking horrors
  22 starspawn tentacles
  10 tentacles (Shoals:2)
43 creatures vanquished.

Grand Total: 2997 creatures vanquished

Notes
Turn   | Place    | Note
-------+----------+-------------------------------------------
     0 | D:1      | jagoly the Mummy Gladiator began the quest for the Orb.
     0 | D:1      | Reached XP level 1. HP: 16/16 MP: 1/1
   105 | D:1      | Reached skill level 1 in Stealth
   157 | D:1      | Reached XP level 2. HP: 22/22 MP: 2/2
   238 | D:1      | Reached skill level 3 in Unarmed Combat
   423 | D:1      | Reached XP level 3. HP: 27/27 MP: 3/3
   981 | D:2      | Noticed Jessica
  1000 | D:1      | Killed Jessica
  1001 | D:1      | Reached XP level 4. HP: 30/33 MP: 4/4
  1060 | D:2      | Reached skill level 4 in Unarmed Combat
  1573 | D:3      | Reached XP level 5. HP: 37/38 MP: 5/5
  1701 | D:3      | Found a faded altar of an unknown god.
  1701 | D:3      | Noticed Grinder
  2254 | D:3      | Reached skill level 5 in Unarmed Combat
  2283 | D:3      | Reached XP level 6. HP: 43/44 MP: 6/6
  2631 | D:4      | Reached skill level 6 in Unarmed Combat
  2956 | D:4      | Reached XP level 7. HP: 50/50 MP: 7/7
  3191 | D:4      | Reached skill level 7 in Unarmed Combat
  3535 | D:5      | Entered Level 5 of the Dungeon
  3637 | D:5      | Noticed Prince Ribbit
  3646 | D:5      | Killed Prince Ribbit
  3738 | D:5      | Reached skill level 8 in Unarmed Combat
  3856 | D:5      | Identified the +5 ring mail of Heural {Fly rC- rN+++
                  | Stlth-}
  3859 | D:5      | Found Ziuhir's Jewellery Shoppe.
  3892 | D:5      | Reached XP level 8. HP: 56/56 MP: 8/8
  3914 | D:5      | Noticed Edmund
  4103 | D:3      | Killed Grinder
  4104 | D:3      | Reached skill level 1 in Armour
  4890 | D:6      | Found a sparkling altar of Nemelex Xobeh.
  4990 | D:6      | Reached skill level 5 in Fighting
  5214 | D:6      | Killed an unseen horror
  5215 | D:6      | Reached XP level 9. HP: 66/68 MP: 4/9
  5406 | D:6      | Found a staircase to the Ecumenical Temple.
  5421 | Temple   | Entered the Ecumenical Temple
  5427 | Temple   | Became a worshipper of Warmaster Okawaru
  5472 | D:6      | Found a sacrificial altar of Ru.
  6156 | D:7      | Noticed Maurice
  6325 | D:7      | Killed Maurice
  6325 | D:7      | Reached * piety under Okawaru
  6326 | D:7      | Reached skill level 9 in Unarmed Combat
  6816 | D:7      | Found an opulent altar of Gozag.
  6816 | D:7      | Found a shimmering blue altar of Sif Muna.
  6817 | D:7      | Found a hide-covered altar of Uskayaw.
  6827 | D:7      | Reached ** piety under Okawaru
  6828 | D:7      | Reached skill level 10 in Unarmed Combat
  6947 | D:7      | Reached XP level 10. HP: 76/76 MP: 7/10
  6961 | D:7      | Reached skill level 1 in Invocations
  7371 | D:5      | Killed Edmund
  7572 | D:8      | Found a shadowy altar of Dithmenos.
  7832 | D:8      | Reached skill level 5 in Armour
  8159 | D:8      | Reached *** piety under Okawaru
  8447 | D:8      | Noticed a deep elf pyromancer
  8457 | D:8      | Reached skill level 5 in Dodging
  8470 | D:8      | Killed a deep elf pyromancer
  8470 | D:8      | Noticed a gargoyle
  8471 | D:8      | Noticed a centaur warrior
  8485 | D:8      | Killed a centaur warrior
  8489 | D:8      | Killed a gargoyle
  8577 | D:8      | Noticed an arcanist
  8590 | D:8      | Killed an arcanist
  8590 | D:8      | Reached **** piety under Okawaru
  8591 | D:8      | Reached XP level 11. HP: 71/87 MP: 5/12
  8676 | D:8      | Noticed a tengu warrior
  8689 | D:8      | Killed a tengu warrior
  9080 | D:9      | Reached ***** piety under Okawaru
  9445 | D:9      | Reached skill level 10 in Fighting
  9567 | D:9      | Found an ancient bone altar of Kikubaaqudgha.
 10001 | D:9      | Received a gift from Okawaru
 10016 | D:9      | Reached skill level 5 in Invocations
 10333 | D:10     | Entered Level 10 of the Dungeon
 10592 | D:10     | Reached skill level 1 in Shields
 11823 | D:11     | Noticed a two-headed ogre
 11832 | D:11     | Killed a two-headed ogre
 11971 | D:11     | Reached XP level 12. HP: 83/97 MP: 6/16
 12082 | D:11     | Found a staircase to the Orcish Mines.
 12116 | D:11     | Received a gift from Okawaru
 12315 | D:11     | Found a staircase to the Lair.
 12475 | D:11     | Found a runed translucent gate.
 12475 | D:11     | Found a runed translucent gate.
 12476 | D:11     | Found a runed translucent gate.
 12480 | D:11     | Noticed bobfrom10's ghost (journeyman DECj)
 12529 | D:11     | Killed bobfrom10's ghost
 12687 | Lair:1   | Entered Level 1 of the Lair of Beasts
 13141 | Lair:1   | Received a gift from Okawaru
 13331 | Lair:1   | Identified the +3 sling "Zelaib" {elec, *Slow Str+6 Int+8}
 13626 | Lair:1   | Identified the +1 robe of the Baku {rF+}
 13658 | Lair:1   | Reached skill level 11 in Unarmed Combat
 14036 | Lair:2   | Received a gift from Okawaru
 14253 | Lair:2   | Noticed a five-headed hydra
 14266 | Lair:2   | Killed a five-headed hydra
 14332 | Lair:2   | Noticed Fannar
 14348 | Lair:2   | Killed Fannar
 14349 | Lair:2   | Reached skill level 12 in Unarmed Combat
 14652 | Lair:2   | Found a staircase to the Snake Pit.
 14750 | Lair:2   | Noticed a five-headed hydra
 14780 | Lair:2   | Killed a five-headed hydra
 14781 | Lair:2   | Gained mutation: You are strongly in touch with the powers
                  | of death. [Mummy growth]
 14781 | Lair:2   | Reached XP level 13. HP: 66/104 MP: 8/19
 15689 | Lair:3   | Found a staircase to the Shoals.
 15860 | Lair:3   | Reached ****** piety under Okawaru
 15878 | Lair:3   | Acquired the +15 Maxwell's patent armour {-Cast -Tele rElec
                  | Will+ rCorr}
 15878 | Lair:3   | Received a gift from Okawaru
 15878 | Lair:3   | Found the +15 Maxwell's patent armour {-Cast -Tele rElec
                  | Will+ rCorr}
 16093 | Lair:3   | Received a gift from Okawaru
 17069 | Lair:4   | Found a transporter.
 17075 | Lair:4   | Noticed bobfrom10's ghost (journeyman DECj)
 17886 | Lair:4   | Found a transporter.
 18146 | Lair:5   | Entered Level 5 of the Lair of Beasts
 18204 | Lair:5   | Received a gift from Okawaru
 18381 | Lair:5   | Found a viscous altar of Jiyva.
 18381 | Lair:5   | Found a staircase to the Slime Pits.
 18749 | Lair:5   | Reached skill level 10 in Armour
 18797 | Lair:5   | Received a gift from Okawaru
 18798 | Lair:5   | Reached XP level 14. HP: 96/115 MP: 0/20
 18990 | Lair:5   | Found an iron altar of Okawaru.
 20062 | Lair:5   | Reached skill level 5 in Throwing
 20063 | Lair:5   | Received a gift from Okawaru
 20736 | Lair:4   | Killed bobfrom10's ghost
 20850 | Lair:4   | Identified the +1 pair of boots of Xoach {rPois}
 20862 | Lair:4   | Identified the ring of Twilight {rF+ Int+3 Dex+6}
 21137 | D:12     | Received a gift from Okawaru
 21152 | D:12     | Found a gate leading to a gauntlet.
 21161 | Gauntlet | Entered a Gauntlet
 21161 | Gauntlet | Found a transporter.
 21161 | Gauntlet | Found a transporter.
 21162 | Gauntlet | Found a transporter.
 21163 | Gauntlet | Found a transporter.
 21165 | Gauntlet | Found a transporter.
 21166 | Gauntlet | Found a transporter.
 21178 | Gauntlet | Found a transporter.
 21180 | Gauntlet | Found a transporter.
 21181 | Gauntlet | Found a transporter.
 21183 | Gauntlet | Found a transporter.
 21197 | Gauntlet | Found a transporter.
 21197 | Gauntlet | Found a transporter.
 21527 | Gauntlet | Identified the +9 war axe of Malum In Se {freeze, Will+
                  | Str+2 Stlth+}
 21774 | Gauntlet | Identified the +9 flail of Extremism {freeze, rCorr}
 21774 | Gauntlet | Identified the staff "Mud Pie of Death" {rF+ MP+9 Dex+3
                  | Fire}
 21774 | Gauntlet | Identified the +11 broad axe "Mihos" {flame, Stlth+}
 22052 | D:12     | Found a portal to a secret trove of treasure.
 22266 | D:12     | Received a gift from Okawaru
 23038 | D:13     | Found Ufroan's Distillery.
 23194 | D:13     | Noticed Rupert
 23203 | D:13     | Noticed Nessos
 23214 | D:13     | Killed Rupert
 23218 | D:13     | Received a gift from Okawaru
 23227 | D:13     | Found a gate to the Vaults.
 23232 | D:13     | Killed Nessos
 23375 | D:13     | Found Piuseewn's Magic Scroll Boutique.
 23428 | D:13     | Found Qotuajiu's Book Emporium.
 23429 | D:13     | Found Anuwotz's Armour Emporium.
 23429 | D:13     | Found Tobarph's Distillery.
 23652 | D:13     | Bought a +2 helmet of see invisible for 365 gold pieces
 23733 | Orc:1    | Entered Level 1 of the Orcish Mines
 23733 | Orc:1    | Noticed Josephine
 23748 | Orc:1    | Killed Josephine
 23787 | D:11     | Reached skill level 10 in Invocations
 24064 | Orc:1    | Found Soffatom's Antique Weapon Shop.
 24331 | Orc:2    | Entered Level 2 of the Orcish Mines
 24411 | Orc:2    | Reached XP level 15. HP: 116/120 MP: 0/22
 24446 | Orc:2    | Received a gift from Okawaru
 24473 | Orc:2    | Reached skill level 13 in Unarmed Combat
 24687 | Orc:2    | Received a gift from Okawaru
 24761 | Orc:2    | Found a staircase to the Elven Halls.
 24766 | Orc:2    | Found Tune's Antique Weapon Emporium.
 24766 | Orc:2    | Found Hetiat's General Store.
 24766 | Orc:2    | Found Desanus's Weapon Boutique.
 24766 | Orc:2    | Found Ympafep's Antique Armour Emporium.
 25286 | Orc:2    | Bought a warped plate armour for 868 gold pieces
 25286 | Orc:2    | Identified the +5 plate armour of Focus {rC++} (You bought
                  | it in a shop on level 2 of the Orcish Mines)
 25286 | Orc:2    | Bought a pitted chain mail for 294 gold pieces
 25286 | Orc:2    | Identified the +0 chain mail of Midsummer {Will+ rCorr
                  | Int+3 Stlth+} (You bought it in a shop on level 2 of the
                  | Orcish Mines)
 25634 | D:14     | Found a basalt altar of Yredelemnul.
 25682 | D:14     | Reached skill level 14 in Unarmed Combat
 26332 | D:14     | Reached skill level 1 in Evocations
 26566 | D:14     | Received a gift from Okawaru
 26778 | D:15     | Entered Level 15 of the Dungeon
 26793 | D:15     | Found a staircase to the Depths.
 27267 | D:15     | Received a gift from Okawaru
 27535 | D:15     | Reached XP level 16. HP: 133/133 MP: 0/23
 28200 | D:15     | Received a gift from Okawaru
 28468 | D:15     | Found a snail-covered altar of Cheibriados.
 28631 | D:15     | Found Ymuanuep's Magic Scroll Shoppe.
 28634 | D:15     | Bought 3 scrolls of torment for 484 gold pieces
 28968 | Elf:1    | Entered Level 1 of the Elven Halls
 28987 | Elf:1    | Reached skill level 5 in Shields
 29574 | Elf:1    | Received a gift from Okawaru
 29583 | Elf:1    | Noticed Jorgrun
 29599 | Elf:1    | Killed Jorgrun
 29856 | Elf:1    | Got the Excursus on Conjuration
 30194 | Elf:1    | Received a gift from Okawaru
 30863 | Elf:2    | Noticed a Hell Sentinel
 31035 | Elf:2    | Identified the +4 ring mail of the Monkey's Uncle {+Inv rF+
                  | Int+5}
 31258 | Elf:2    | Received a gift from Okawaru
 31414 | Elf:2    | Found a runed translucent gate.
 31421 | Elf:2    | Found a runed translucent gate.
 31421 | Elf:2    | Found a runed translucent gate.
 31453 | Elf:2    | Identified 2 scrolls of acquirement
 31523 | Elf:2    | Reached skill level 10 in Shields
 31661 | Elf:2    | Acquired 812 gold pieces
 31662 | Elf:2    | Acquired the +0 pair of gloves of the Ten Stars {Regen+
                  | rCorr}
 31663 | Elf:2    | Acquired a manual of Unarmed Combat
 31784 | Orc:2    | Bought a kite shield for 139 gold pieces
 31943 | Elf:3    | Entered Level 3 of the Elven Halls
 32027 | Elf:3    | Paralysed by an air elemental for 1 turns
 32413 | Elf:3    | Received a gift from Okawaru
 32414 | Elf:3    | Reached skill level 15 in Unarmed Combat
 32414 | Elf:3    | Reached XP level 17. HP: 122/139 MP: 24/24
 32505 | Elf:3    | Identified the +2 chain mail "Jetidid" {rElec rC- Dex+3
                  | SInv}
 32945 | Elf:3    | Noticed a deep elf blademaster
 32961 | Elf:3    | Killed a deep elf blademaster
 33001 | Elf:3    | Reached skill level 16 in Unarmed Combat
 33017 | Elf:3    | Noticed a deep elf master archer
 33020 | Elf:3    | Noticed a deep elf blademaster
 33026 | Elf:3    | Killed a deep elf master archer
 33032 | Elf:3    | Received a gift from Okawaru
 33042 | Elf:3    | Noticed a deep elf master archer
 33053 | Elf:3    | Killed a deep elf blademaster
 33055 | Elf:3    | Noticed a Hell Sentinel
 33062 | Elf:3    | Killed a deep elf master archer
 33320 | Elf:3    | Identified the amulet "Cebuwniffa" {Spirit rC+ rN+ Dex+4}
 33340 | Elf:3    | Identified the +3 flail of Intimidation {holy, Dex+3}
 33347 | Elf:3    | Received a gift from Okawaru
 33418 | Elf:3    | Got Sif Muna's Handbook of Lifeless Alchemy
 33721 | Snake:1  | Entered Level 1 of the Snake Pit
 33833 | Orc:2    | Bought 3 scrolls of teleportation for 153 gold pieces
 33901 | D:12     | You paid a toll of 17 scrolls of teleportation to enter a
                  | treasure trove
 33902 | Trove    | Entered a treasure trove
 33933 | Trove    | Identified the amulet "Hinaremm" {Spirit rN+ Will+ Str+4}
 33941 | Trove    | Found the +3 warlock's mirror {omnireflect}
 33943 | Trove    | Identified the +0 hat of Dogmatism {Harm ^Drain rC- Dex+7}
 33945 | Trove    | Identified the +5 ring mail of Ziutigef {Will+ Str+3 Int-2}
 34430 | Snake:1  | Found Myuro's Antique Weapon Boutique.
 34568 | Snake:1  | Found Gediov's General Store.
 35180 | Snake:2  | Received a gift from Okawaru
 35383 | Snake:2  | Reached skill level 17 in Unarmed Combat
 36225 | Snake:3  | Received a gift from Okawaru
 36402 | Snake:3  | Reached skill level 18 in Unarmed Combat
 36413 | Snake:3  | Reached XP level 18. HP: 129/146 MP: 20/25
 36798 | Snake:3  | Noticed Vashnia
 36824 | Snake:3  | Killed Vashnia
 37352 | Snake:4  | Entered Level 4 of the Snake Pit
 37734 | Snake:4  | Received a gift from Okawaru
 37776 | Snake:4  | Found Kauletsusi's Jewellery Boutique.
 37777 | Snake:4  | Found Dereust's Book Emporium.
 37779 | Snake:4  | Found Vyimeu's Jewellery Boutique.
 38771 | Snake:4  | Received a gift from Okawaru
 38936 | Snake:4  | Reached skill level 10 in Throwing
 39291 | Snake:4  | Received a gift from Okawaru
 39464 | Snake:4  | Got a serpentine rune of Zot
 39899 | Snake:1  | Bought a scroll of revelation for 112 gold pieces
 39899 | Snake:1  | Bought a scroll of fear for 60 gold pieces
 40053 | Shoals:1 | Entered Level 1 of the Shoals
 40210 | Shoals:1 | You are sucked into a shaft and drop 1 floor!
 40210 | Shoals:2 | Noticed Polyphemus
 40211 | Arena    | Entered the Arena
 40222 | Arena    | Killed Polyphemus
 40355 | Shoals:2 | Reached XP level 19. HP: 151/152 MP: 28/28
 40404 | Shoals:2 | Received a gift from Okawaru
 40484 | Shoals:2 | Noticed Louise
 40512 | Shoals:2 | Killed Louise
 40513 | Shoals:2 | Noticed Ilsuiw
 40547 | Arena    | Entered the Arena
 40562 | Arena    | Killed Ilsuiw
 42979 | Shoals:4 | Entered Level 4 of the Shoals
 43010 | Shoals:3 | Received a gift from Okawaru
 43432 | Shoals:4 | Reached skill level 15 in Fighting
 43747 | Shoals:3 | Received a gift from Okawaru
 44354 | Shoals:4 | Got a barnacled rune of Zot
 45207 | Vaults:1 | Entered Level 1 of the Vaults
 45322 | Vaults:1 | Found Dipn's General Store.
 45523 | Vaults:1 | Reached XP level 20. HP: 161/166 MP: 27/29
 46052 | Vaults:1 | Received a gift from Okawaru
 46892 | Vaults:2 | Received a gift from Okawaru
 47350 | Vaults:2 | Received a gift from Okawaru
 47960 | Vaults:2 | Noticed a dread lich
 47979 | Vaults:2 | Killed a dread lich
 48048 | Vaults:3 | Received a gift from Okawaru
 48447 | Arena    | Entered the Arena
 48497 | Vaults:3 | Reached XP level 21. HP: 177/177 MP: 13/30
 48568 | Vaults:3 | Noticed Diax's ghost (adept DrFE)
 48575 | Vaults:3 | Received a gift from Okawaru
 48586 | Abyss:3  | Found a corrupted altar of Lugonu.
 48586 | Abyss:3  | Cast into level 3 of the Abyss (vault warden)
 48590 | Abyss:3  | Reached skill level 15 in Throwing
 48678 | Abyss:3  | Found a corrupted altar of Lugonu.
 48736 | Abyss:3  | Found a corrupted altar of Lugonu.
 48895 | Abyss:3  | Found a corrupted altar of Lugonu.
 49108 | Abyss:3  | Received a gift from Okawaru
 49112 | Vaults:3 | Escaped the Abyss
 49147 | Vaults:3 | Killed Diax's ghost
 49454 | Vaults:3 | Found a transporter.
 49460 | Vaults:3 | Found a transporter.
 49470 | Vaults:3 | Found a one-way gate to the infinite horrors of the Abyss.
 49948 | Vaults:3 | Found a staircase to the Crypt.
 50279 | Vaults:4 | Identified the ring "Olost" {+Blink rN+ Will+ Str+2 Dex-4}
 50497 | Vaults:4 | Received a gift from Okawaru
 50563 | Vaults:4 | Reached skill level 5 in Evocations
 51242 | Vaults:4 | Received a gift from Okawaru
 51790 | Crypt:1  | Entered Level 1 of the Crypt
 52394 | Crypt:1  | Received a gift from Okawaru
 52395 | Crypt:1  | Reached XP level 22. HP: 152/184 MP: 25/31
 52671 | Crypt:1  | Received a gift from Okawaru
 52718 | Crypt:1  | Got the Compendium of the Grave
 53013 | Crypt:2  | Reached skill level 19 in Unarmed Combat
 53569 | Crypt:2  | Noticed Vv
 53731 | Crypt:3  | Entered Level 3 of the Crypt
 53751 | Crypt:3  | Received a gift from Okawaru
 53787 | Crypt:3  | Identified the +2 helmet of the Shishi {Dex+6}
 54136 | Crypt:3  | Identified the +0 robe "Yneyziarch" {rF++ Stlth-}
 54240 | Crypt:3  | Noticed Jory
 54256 | Crypt:3  | Killed Jory
 54410 | Crypt:3  | Received a gift from Okawaru
 54462 | Crypt:3  | Reached skill level 20 in Unarmed Combat
 54580 | Crypt:3  | Noticed Khufu
 54587 | Arena    | Entered the Arena
 54598 | Arena    | Killed Khufu
 54614 | Crypt:3  | Noticed a royal mummy
 54625 | Crypt:3  | Noticed a royal mummy
 54660 | Crypt:3  | Killed a royal mummy
 54664 | Crypt:3  | Noticed an ancient lich
 54679 | Crypt:3  | Killed an ancient lich
 54685 | Crypt:3  | Killed a royal mummy
 54808 | Crypt:3  | Acquired the +3 pair of mountain boots {steadfast, rC+}
 54808 | Crypt:3  | Found the +3 pair of mountain boots {steadfast, rC+}
 54908 | Crypt:3  | Received a gift from Okawaru
 55003 | Crypt:3  | Found a staircase to the Tomb.
 55192 | Crypt:3  | Identified the ring of Cuimel {rN+ Dex+5 Slay+2}
 55192 | Crypt:3  | Identified the ring of Wuguoxec {rPois rC- rN+ Int+9 Dex-3}
 55192 | Crypt:3  | Identified the ring of Twilight {rF+ rN+ rCorr SInv}
 55372 | Crypt:3  | Got the Anthology of the Ground
 55420 | Crypt:3  | Identified the +7 battleaxe of Due Proportion {drain,
                  | rPois}
 55542 | Crypt:3  | Reached XP level 23. HP: 190/190 MP: 32/32
 55547 | Crypt:3  | Reached skill level 21 in Unarmed Combat
 55968 | Depths:1 | Entered Level 1 of the Depths
 56015 | Depths:1 | Found a one-way gateway to a ziggurat.
 56138 | Depths:1 | Received a gift from Okawaru
 56273 | Depths:1 | Received a gift from Okawaru
 56591 | Depths:1 | Reached skill level 22 in Unarmed Combat
 56592 | Depths:1 | Found a gateway to Hell.
 56648 | Depths:1 | Found a hazy altar of Hepliaklqana.
 57274 | Depths:2 | Found a shadowy altar of Dithmenos.
 57439 | Depths:2 | Received a gift from Okawaru
 58192 | Depths:2 | Found a one-way gate leading to the halls of Pandemonium.
 58259 | Depths:2 | Found Big Baal Hell's Store.
 58272 | Depths:2 | Paralysed by a wendigo for 1 turns
 58735 | Depths:2 | Received a gift from Okawaru
 58914 | Depths:3 | Noticed Grunn
 58933 | Depths:3 | Killed Grunn
 59175 | Depths:2 | Reached XP level 24. HP: 185/200 MP: 28/32
 59214 | Depths:2 | Received a gift from Okawaru
 59383 | Depths:3 | Noticed Xtahua
 59428 | Depths:3 | Killed Xtahua
 59479 | Depths:3 | Identified the +5 morningstar of Aguip {pain, Dex+2}
 59717 | Depths:3 | Noticed an ancient lich
 59736 | Depths:3 | Killed an ancient lich
 59926 | Depths:3 | Found Wutesola's Assorted Antiques.
 59983 | Depths:3 | Found the +6 Majin-Bo {spellvamp, MP+6 Int+6}
 60137 | Depths:3 | You fall into a shaft and drop 1 floor!
 60137 | Depths:4 | Entered Level 4 of the Depths
 60167 | Depths:4 | Received a gift from Okawaru
 60313 | Depths:4 | Found Ceust's Weapon Shoppe.
 60721 | Depths:4 | Received a gift from Okawaru
 60735 | Depths:4 | Reached skill level 15 in Armour
 61301 | Depths:4 | Found a gate to the Realm of Zot.
 61617 | Hell     | Entered the Vestibule of Hell
 61617 | Hell     | Noticed Geryon
 61761 | Depths:4 | Received a gift from Okawaru
 62532 | Depths:4 | Reached skill level 23 in Unarmed Combat
 62813 | Arena    | Entered the Arena
 62815 | Arena    | Killed Geryon
 62969 | Hell     | Found a gateway to the ashen valley of Gehenna.
 63033 | Hell     | Received a gift from Okawaru
 63120 | Hell     | Upgraded the game from 0.32-a0-312-g1d7162e to
                  | 0.32-a0-314-g526f7d4
 63187 | Hell     | Found a gateway to the Iron City of Dis.
 63332 | Hell     | Found a gateway to the freezing wastes of Cocytus.
 63353 | Hell     | Reached XP level 25. HP: 199/210 MP: 31/32
 63495 | Hell     | Found a gateway to the decaying netherworld of Tartarus.
 63749 | Depths:3 | Bought 3 scrolls of torment for 1282 gold pieces
 63996 | Vaults:5 | Entered Level 5 of the Vaults
 64025 | Vaults:5 | Received a gift from Okawaru
 64078 | Vaults:5 | Noticed a dread lich
 64083 | Vaults:5 | Killed a dread lich
 64095 | Vaults:5 | Reached skill level 24 in Unarmed Combat
 64267 | Vaults:5 | Received a gift from Okawaru
 64632 | Vaults:5 | Noticed an ancient lich
 64636 | Arena    | Entered the Arena
 64671 | Vaults:5 | Killed an ancient lich
 64691 | Vaults:5 | Noticed a dread lich
 64708 | Vaults:5 | Killed a dread lich
 64747 | Vaults:5 | Reached skill level 25 in Unarmed Combat
 64907 | Vaults:5 | Received a gift from Okawaru
 65080 | Vaults:5 | Noticed a dread lich
 65091 | Vaults:5 | Killed a dread lich
 65291 | Vaults:5 | Found Util's Antique Weapon Boutique.
 65594 | Vaults:5 | Got a silver rune of Zot
 66200 | Vaults:1 | Bought a wand of digging (5) for 357 gold pieces
 66452 | Slime:1  | Entered Level 1 of the Pits of Slime
 66483 | Lair:5   | Received a gift from Okawaru
 66633 | Slime:5  | Entered Level 5 of the Pits of Slime
 66822 | Slime:5  | Noticed the Royal Jelly
 66831 | Slime:5  | Killed the Royal Jelly
 66832 | Slime:5  | Reached XP level 26. HP: 186/218 MP: 22/32
 66838 | Slime:5  | Reached skill level 26 in Unarmed Combat
 66877 | Slime:5  | Received a gift from Okawaru
 67002 | Slime:5  | Got Sif Muna's Encyclopedia of Lethal Soot
 67012 | Slime:5  | Identified the ring "Ymusch" {rC- Str+2 Int+3 Slay+4}
 67020 | Slime:5  | Identified the +1 scale mail of Mezcal {-Cast ^Contam rF+++
                  | Str+4}
 67082 | Slime:5  | Identified the +3 falchion of Pimn {flame, Will++}
 67083 | Slime:5  | Got a starry gem with 108 turns to spare
 67088 | Slime:5  | Got a slimy rune of Zot
 67122 | Slime:5  | Identified the amulet "Ruxty" {Acrobat rF+}
 67124 | Slime:5  | Identified the staff of Beyond {^Fragile +Blink rF+ SInv
                  | Fire}
 67129 | Slime:5  | Identified the +8 great sword of Death's Door {spect, rC++
                  | Str-3 Dex+3 SInv}
 67190 | Slime:3  | Lost the starry gem through the power of Zot.
 67454 | D:13     | Bought a scroll of fog for 72 gold pieces
 67454 | D:13     | Bought a scroll of poison for 72 gold pieces
 67563 | D:15     | Bought a scroll of poison for 68 gold pieces
 67688 | Depths:3 | Voluntarily entered the Abyss.
 67859 | Depths:3 | Escaped the Abyss
 67861 | Depths:3 | Voluntarily entered the Abyss.
 67861 | Abyss:3  | Found a shadowy altar of Dithmenos.
 68112 | Depths:3 | Escaped the Abyss
 68114 | Depths:3 | Voluntarily entered the Abyss.
 68313 | Abyss:3  | Received a gift from Okawaru
 68423 | Abyss:3  | Found a corrupted altar of Lugonu.
 68501 | Depths:3 | Escaped the Abyss
 68503 | Depths:3 | Voluntarily entered the Abyss.
 68525 | Abyss:3  | Found a corrupted altar of Lugonu.
 68618 | Depths:3 | Escaped the Abyss
 68620 | Depths:3 | Voluntarily entered the Abyss.
 68622 | Abyss:3  | Found a runed translucent door.
 68635 | Abyss:3  | Paralysed by accursed screaming for 1 turns
 68641 | Abyss:3  | Reached skill level 27 in Unarmed Combat
 68642 | Abyss:3  | Paralysed by accursed screaming for 2 turns
 68652 | Abyss:3  | Paralysed by accursed screaming for 2 turns
 68663 | Abyss:3  | Paralysed by accursed screaming for 2 turns
 68689 | Abyss:3  | Identified the +1 plate armour "Olalif" {rN+ Will+}
 68735 | Abyss:3  | Found a corrupted altar of Lugonu.
 68761 | Abyss:3  | Found a corrupted altar of Lugonu.
 68928 | Abyss:3  | Received a gift from Okawaru
 69062 | Abyss:3  | Reached skill level 10 in Dodging
 69291 | Abyss:4  | Found a corrupted altar of Lugonu.
 69449 | Abyss:4  | Found a corrupted altar of Lugonu.
 69517 | Abyss:4  | Found a transporter.
 69522 | Abyss:4  | Received a gift from Okawaru
 69627 | Abyss:4  | Found a transporter.
 69632 | Abyss:4  | Found a transporter.
 69633 | Abyss:4  | Got an abyssal rune of Zot
 69729 | Depths:3 | Escaped the Abyss
 69869 | Zig:1    | Entered Level 1 of a ziggurat
 69889 | Zig:2    | Entered Level 2 of a ziggurat
 69902 | Zig:2    | Identified the ring "Rovefeug" {rC+ rN+ MP+9 Int-5}
 69916 | Zig:3    | Entered Level 3 of a ziggurat
 69963 | Zig:4    | Entered Level 4 of a ziggurat
 70013 | Zig:5    | Entered Level 5 of a ziggurat
 70035 | Zig:5    | Reached XP level 27. HP: 201/224 MP: 29/33
 70067 | Zig:6    | Entered Level 6 of a ziggurat
 70178 | Zig:6    | Identified the +1 shadow dragon scales "Porooq" {Regen+
                  | Stlth++++}
 70182 | Zig:6    | Identified the ring "Zown" {rPois rN+ Str+3 Int-3 SInv}
 70185 | Zig:6    | Identified the +1 broad axe of Ashenzari's Favour {speed,
                  | rF- Str+7}
 70186 | Zig:6    | Identified the +5 scale mail of Fashionability {rF+ Int-3
                  | Dex+4 Slay+2}
 70189 | Zig:7    | Entered Level 7 of a ziggurat
 70195 | Zig:7    | Noticed Cyteqiah the pandemonium lord
 70201 | Arena    | Entered the Arena
 70208 | Arena    | Killed Cyteqiah the pandemonium lord
 70247 | Zig:7    | Received a gift from Okawaru
 70327 | Zig:7    | Identified the +2 spear of the Present {freeze, +Blink rF+}
 70329 | Zig:7    | Identified the +6 executioner's axe of Imieps {protect,
                  | rF+}
 70337 | Zig:8    | Entered Level 8 of a ziggurat
 70570 | Zot:1    | Entered Level 1 of the Realm of Zot
 70913 | Zot:1    | Identified the -1 pair of gloves "Tuemn" {rElec rC++ Str-4}
 71559 | Zot:2    | Noticed an orb of fire
 71566 | Zot:2    | Killed an orb of fire
 71617 | Zot:2    | Received a gift from Okawaru
 72312 | Zot:2    | Received a gift from Okawaru
 73311 | Zot:3    | Received a gift from Okawaru
 73328 | Zot:3    | Reached skill level 15 in Invocations
 74479 | Zot:4    | Received a gift from Okawaru
 74739 | Zot:5    | Entered Level 5 of the Realm of Zot
 75136 | Zot:5    | Noticed an orb of fire
 75150 | Zot:5    | Killed an orb of fire
 75152 | Zot:5    | Noticed an orb of fire
 75158 | Zot:5    | Killed an orb of fire
 75160 | Zot:5    | Noticed an orb of fire
 75167 | Zot:5    | Killed an orb of fire
 75167 | Zot:5    | Received a gift from Okawaru
 75198 | Zot:5    | Noticed a dread lich
 75206 | Zot:5    | Killed a dread lich
 75206 | Zot:5    | Noticed an orb of fire
 75222 | Zot:5    | Killed an orb of fire
 75222 | Zot:5    | Noticed a dread lich
 75227 | Zot:5    | Killed a dread lich
 75228 | Zot:5    | Noticed an ancient lich
 75238 | Zot:5    | Killed an ancient lich
 75238 | Zot:5    | Noticed an ancient lich
 75251 | Zot:5    | Killed an ancient lich
 75263 | Zot:5    | Noticed a dread lich
 75272 | Zot:5    | Killed a dread lich
 75273 | Zot:5    | Noticed an ancient lich
 75279 | Zot:5    | Killed an ancient lich
 75285 | Zot:5    | Received a gift from Okawaru
 75286 | Zot:5    | Noticed a dread lich
 75292 | Zot:5    | Killed a dread lich
 75293 | Zot:5    | Noticed an ancient lich
 75297 | Zot:5    | Killed an ancient lich
 75423 | Zot:5    | Got the Orb of Zot
 75553 | Zot:2    | Received a gift from Okawaru
 76051 | D:$      | Escaped with the Orb!

Illustrated notes

Levels and vault maps discovered:
D:1:      amcnicky_arrival_choice, layout_loops_corners, minmay_distorted
D:2:      layout_rooms, serial_rivers, chequers_serial_rivers_micro_a,
          chequers_serial_rivers_room_b, chequers_serial_rivers_room_a,
          chequers_serial_rivers_marsh, chequers_serial_rivers_micro_d,
          chequers_serial_rivers_micro_e, uniq_jessica
D:3:      layout_basic, basic_ecumenical_altar, uniq_grinder
D:4:      layout_loops_corners, small_statue_intersection
D:5:      layout_loops_ring, serial_shops, shop, serial_bayou_pond_d,
          uniq_edmund, uniq_prince_ribbit1
D:6:      layout_loops_corners, nicolae_ru_awakened_eye,
          nemelex_diamond_rough_becter, minmay_temple_entry_mist,
          skrybe_limestone_x, nicolae_figureground_pulse
D:7:      layout_rooms, kennysheep_mini, gammafunk_temple_overflow_claw,
          worms_lemuel, uniq_maurice
D:8:      layout_gridville, chequers_temple_overflow_statue_of_worship,
          minmay_evil_grid
D:9:      layout_irregular_city, lemuel_mausoleum_altar_kikubaaqudgha
D:10:     layout_long_grid, serial_ice, serial_ice_f, serial_ice_c,
          serial_ice_n, serial_ice_k
D:11:     layout_cave_pools, david_lair_generic, orc_0_dummy,
          gammafunk_ghost_spectres, reono_crystal_passage
D:12:     layout_small_grid, gauntlet_entry_generic, enter_trove_3
D:13:     layout_roguey, david_vaults_2, nicolae_wooded_promenade,
          kennysheep_small_circle, uniq_rupert, uniq_nessos
D:14:     layout_irregular_city, minmay_misc_feat_pillars, roadster_trireme
D:15:     hangedman_depths_entry_try_elsewhere_first, layout_basic,
          glass_columns_c, serial_shops, nicolae_shop_rolled_up,
          chei_slow_surprise
Temple:   nicolae_temple_bog_church
Lair:1:   layout_big_grid, minmay_stone_trees_small, grunt_megastairs_5
Lair:2:   layout_big_grid, nicolae_snake_entry_squirm, minmay_lair_oklob_items,
          grunt_megastairs_4, uniq_fannar
Lair:3:   layout_cave_pods, mainiacjoe_shoals_entry_four_pools,
          lemuel_fruit_tree
Lair:4:   layout_roguey, gammafunk_ghost_berserking_beasts
Lair:5:   minmay_lair_end_enchanted_forest, layout_cellular_growth,
          minmay_slime_entry_pillars, basic_altar
Shoals:1: layout_shoals
Shoals:2: layout_shoals, nicolae_shoals_so_close, uniq_ilsuiw, uniq_polyphemus,
          uniq_louise
Shoals:3: layout_shoals
Shoals:4: shoals_end_hellmonk_holy_island
Snake:1:  layout_grid_maze, serial_shops, shop, minmay_shop_star
Snake:2:  layout_concentric_octagons
Snake:3:  layout_cave_pods, nicolae_snake_serpentine_hallways, uniq_vashnia
Snake:4:  snake_pit, layout_chambers, minmay_shop_grove
Slime:1:  layout_caves, cheibrodos_slime_lost_civilization_7
Slime:2:  layout_caves
Slime:3:  layout_caves, basic_altar, cheibrodos_slime_lost_civilization_5
Slime:4:  cheibrodos_slime_lost_civilization_9, layout_caves
Slime:5:  slime_pit_nicolae_trefoil
Orc:1:    layout_caves, serial_shops, shop, uniq_josephine
Orc:2:    st_orc_ogre_mass, layout_caves
Elf:1:    eino_elf_arrival_customs, layout_geoelf_octagon, minmay_elf_sorcery,
          uniq_jorgrun
Elf:2:    nicolae_elf_blades_crystal_corner, layout_onion_city
Elf:3:    elf_hall, layout_onion_city, hangedman_elven_ridges,
          small_chamber_with_monster
Vaults:1: lemuel_angel_altar, nicolae_vaults_offset_grid_hallway_2,
          nicolae_vaults_double_plus_3, ontoclasm_vaults_loading_screen,
          serial_library_hellmonk_semicircle, hangedman_vaults_snaps,
          layout_vaults_omnigrid, serial_shops, nicolae_shop_real_fake_doors
Vaults:2: grunt_vaults_trifunnel, hangedman_vaults_hat,
          nicolae_vaults_thirteen_compartments, nicolae_vaults_network_star,
          nicolae_vaults_storage_closets_1, hangedman_vaults_nodes,
          vaults_room_stairs_pillars, nicolae_vaults_house_1,
          nicolae_vaults_door_testing_chamber, vaults_dpeg_spiral,
          layout_vaults_maze_bifur
Vaults:3: gammafunk_ghost_abyssal_escape, nicolae_vaults_circle_grid_b,
          v_pattern_1, minmay_crypt_entry_skeletal_spiral,
          nicolae_vaults_little_ls, vaults_mumra_minichess,
          hangedman_vaults_nails, ontoclasm_vaults_shuriken,
          nicolae_vaults_stepped_doors, nicolae_vaults_trapezoid_lopsided_1,
          ontoclasm_vaults_chip, nicolae_vaults_rhombus_6,
          layout_vaults_big_room
Vaults:4: nicolae_vaults_apartment_1, nicolae_vaults_diamond_1,
          nicolae_vaults_trapezoid_3, nicolae_vaults_more_shelving_1,
          hangedman_vaults_stitches, v_misc_13, grunt_vaults_swirl,
          vaults_room_fancy_cross, grunt_vaults_focal,
          nicolae_vaults_what_the_h, nicolae_vaults_two_Ls,
          layout_vaults_omnibox
Vaults:5
Crypt:1:  layout_misc_corridors, special_room [special_room_morgue],
          grunt_megastairs_3, roderic_lattice_octagonal_star,
          grunt_crypt_arrival_guarded_gate
Crypt:2:  layout_chaotic_city, uniq_josephina, uniq_vv
Crypt:3:  due_elkab, layout_chaotic_city, tomb_entry_simple_bobbens,
          minmay_guarded_unrand_curses, uniq_jory, uniq_khufu
Depths:1: layout_gridville, enter_ziggurat_c, hellmouth_3, nicolae_benzene_ring,
          special_room [special_room_morgue], hangedman_decor_growths,
          nicolae_hepliaklqana_monster_ancestors
Depths:2: cross_vault, layout_gridlike, rand_demon_pan_entry_5,
          kennysheep_cross_room, nicolae_hell_entry_big_baal_hell,
          nicolae_dithmenos_the_darkroom, infiniplex_staircase_pool_2,
          firewood_loft
Depths:3: minmay_guarded_unrand_majin_bo, layout_cave_pools,
          serial_column_ruins, column_ruins_portal_island,
          column_ruins_columns_T, column_ruins_grid_3, column_ruins_open_small,
          dk_noncrumbling_4, abyss_entry, serial_shops, shop,
          pf_vacation_house_of_asmodeus, uniq_xtahua, uniq_grunn
Depths:4: grunt_zot_entry_alcove, layout_honeycomb, hell_entry,
          hangedman_abyss_or_decor_jellyfish_corner, minmay_room_of_horrors,
          pan_entry, serial_shops, nicolae_shop_bloodbath_and_beyond,
          amcnicky_mini_pool_small, kb_rosetta
Hell
Zot:1:    layout_cellular_growth, grunt_megastairs_1
Zot:2:    grunt_zot_stairs_faceoff, layout_gridville
Zot:3:    layout_gridlike, amethyst_zot_foddershock
Zot:4:    cheibrodos_frozen_isle, layout_basic, st_single_dragon_hoard_2
Zot:5:    layout_misc_corridors

Skill      XL: |  1  2  3  4  5  6  7  8  9 10 11 12 13 14 15 16 17 18 19 20 21 22 23 24 25 26 27 |
---------------+----------------------------------------------------------------------------------+-----
Stealth        | 1 2 |  2.0
Unarmed Combat | 3 4 5 6 8 10 12 14 15 18 20 22 23 25 27 | 27.0
Armour         | 4 6 10 12 14 15 18 | 18.8
Dodging        | 3 4 5 6 8 10 13 | 13.0
Fighting       | 5 6 8 10 12 14 16 18 20 22 | 22.0
Throwing       | 2 8 11 12 14 16 | 16.0
Invocations    | 2 6 8 10 12 13 15 | 15.0
Shields        | 4 10 12 13 | 13.0
Evocations     | 3 4 8 |  8.0

Action                     |  1- 3 |  4- 6 |  7- 9 | 10-12 | 13-15 | 16-18 | 19-21 | 22-24 | 25-27 || total
---------------------------+-------+-------+-------+-------+-------+-------+-------+-------+-------++-------
  Melee: Unarmed           |    80 |   194 |   322 |   896 |  1792 |  1763 |  2739 |  2663 |  2545 || 12994
         Punch             |     1 |     6 |    12 |    29 |       |       |       |       |       ||    48
  Throw: Stone             |       |    19 |    12 |    32 |     5 |       |       |       |       ||    68
         Throwing net      |       |     1 |       |       |     2 |       |       |       |       ||     3
         Javelin           |       |       |     8 |       |    11 |    45 |    22 |    69 |    87 ||   242
         Dart              |       |       |       |     4 |     4 |     3 |     2 |       |       ||    13
         Boomerang         |       |       |       |     6 |    15 |   119 |   171 |   131 |   589 ||  1031
 Invoke: Heroism           |       |       |       |    13 |    15 |    12 |    15 |    17 |    18 ||    90
         Finesse           |       |       |       |     3 |     6 |     6 |     7 |     5 |    11 ||    38
         Receive Armour    |       |       |       |       |     1 |       |       |       |       ||     1
         Duel              |       |       |       |       |       |     1 |     2 |     2 |     2 ||     7
  Evoke: Wand              |       |       |     5 |     2 |       |       |       |     2 |     5 ||    14
         Lightning rod     |       |       |       |       |       |       |       |     4 |       ||     4
         Condenser vane    |       |       |       |       |       |       |       |       |     1 ||     1
    Use: Scroll            |       |       |       |       |     9 |    10 |     1 |     2 |    26 ||    48
   Stab: Sleeping          |     6 |       |       |       |       |       |       |       |       ||     6
         Held in net/web   |       |     1 |       |       |     3 |       |       |       |       ||     4
         Petrified         |       |       |       |       |       |     7 |       |       |       ||     7
         Fleeing           |       |       |       |       |       |       |     1 |       |       ||     1
         Confused          |       |       |       |       |       |       |     1 |     3 |       ||     4
         Paralysed         |       |       |       |       |       |       |     1 |       |       ||     1
         Distracted        |       |       |       |       |       |       |       |       |     1 ||     1
 Armour: Leather armour    |    19 |       |       |       |       |       |       |       |       ||    19
         Ring mail         |     4 |    92 |       |       |       |       |       |       |       ||    96
         Scale mail        |       |    27 |    64 |       |       |       |       |       |       ||    91
         Chain mail        |       |       |   179 |    76 |       |       |       |       |       ||   255
         Plate armour      |       |       |       |   166 |  1370 |  1170 |  2078 |  2121 |   911 ||  7816
         Acid dragon scale |       |       |       |   359 |    77 |       |       |       |       ||   436
         Storm dragon scal |       |       |       |       |       |       |       |       |   549 ||   549
  Dodge: Dodged            |    40 |   112 |   132 |   417 |   727 |   513 |  1088 |  1320 |   977 ||  5326
  Block: Buckler           |       |       |       |   104 |   408 |   566 |  1260 |  1358 |  1024 ||  4720
         Kite shield       |       |       |       |       |       |   114 |       |       |       ||   114
         Reflection        |       |       |       |       |       |    70 |   137 |    40 |   109 ||   356

Table legend: (Time is in decaauts)
 A = Elapsed time spent in this place.
 B = Non-inter-level travel time spent in this place.
 C = Inter-level travel time spent in this place.
 D = Time resting spent in this place.
 E = Time spent auto-exploring this place.
 F = Levels seen in this place.
 G = Mean time per level.
                   A        B        C        D        E       F      G
               +--------+--------+--------+--------+--------+-----+--------+
         Total |  71046 |  64576 |   6470 |   4580 |  40413 |  81 |  877.1 |
       Dungeon |  19058 |  16977 |   2081 |    849 |  12132 |  15 | 1270.5 |
        Temple |     13 |      8 |      5 |      0 |      0 |   1 |   13.0 |
          Lair |   8873 |   7704 |   1169 |    187 |   5804 |   5 | 1774.6 |
        Shoals |   4509 |   4200 |    309 |    561 |   2528 |   4 | 1127.2 |
     Snake Pit |   5459 |   4908 |    551 |    412 |   3147 |   4 | 1364.8 |
    Slime Pits |    623 |    557 |     66 |    149 |      0 |   5 |  124.6 |
  Orcish Mines |   1521 |   1296 |    225 |      0 |    973 |   2 |  760.5 |
   Elven Halls |   4386 |   4017 |    369 |    318 |   2710 |   3 | 1462.0 |
        Vaults |   7661 |   7084 |    577 |    220 |   4579 |   5 | 1532.2 |
         Crypt |   3546 |   3393 |    153 |     60 |   2068 |   3 | 1182.0 |
        Depths |   6831 |   6160 |    671 |   1192 |   3297 |   4 | 1707.8 |
          Hell |    735 |    709 |     26 |     59 |    392 |   1 |  735.0 |
           Zot |   4396 |   4131 |    265 |    207 |   2541 |   5 |  879.2 |
         Abyss |   2038 |   2038 |      0 |     73 |      0 |   7 |  291.1 |
      Ziggurat |    430 |    430 |      0 |     10 |    196 |   8 |   53.8 |
         Trove |    135 |    135 |      0 |      0 |     44 |   1 |  135.0 |
      Gauntlet |    681 |    681 |      0 |    204 |      0 |   1 |  681.0 |
         Arena |    142 |    142 |      0 |     74 |      0 |   7 |   20.3 |
               +--------+--------+--------+--------+--------+-----+--------+

Top non-repeatable levels by time:
  Lair:5: 2396 daAuts
Depths:4: 2314 daAuts
 Snake:4: 2133 daAuts
Depths:2: 1938 daAuts
   Elf:1: 1882 daAuts
  Lair:4: 1872 daAuts
    D:15: 1867 daAuts
Vaults:5: 1805 daAuts
 Crypt:3: 1756 daAuts
    D:14: 1709 daAuts
     D:6: 1704 daAuts
 Abyss:3: 1650 daAuts
Shoals:3: 1610 daAuts
  Lair:3: 1609 daAuts
Vaults:3: 1591 daAuts
